[Event "ICC tourney 2905 (40 10)"]
[Site "Internet Chess Club"]
[Date "2022.05.07"]
[Round "2"]
[White "RAMKUMAR, NIKHIL:nikhilramkumar"]
[Black "WU, WINSTON:K01-30022609"]
[Result "1-0"]
[ICCResult "Black checkmated"]
[WhiteElo "1185"]
[BlackElo "1405"]
[Opening "French: exchange variation"]
[ECO "C01"]
[NIC "FR.01"]
[Time "13:16:22"]
[PlyCount "111"]
[TimeControl "2400+10"]

1. e4 e6 2. d4 d5 3. exd5 exd5 4. c3 Bd6 5. Nf3 Ne7 6. Bd3 Nbc6 7. Na3 Bg4
8. h3 Bh5 9. Nb5 Qd7 10. Nxd6+ Qxd6 11. g4 Bg6 12. Qe2 O-O-O 13. Be3 f5 14.
Bg5 fxg4 15. hxg4 Rde8 16. O-O-O h6 17. Bxe7 Rxe7 18. Qd2 Bxd3 19. Qxd3 Qf4+
20. Kb1 Qxg4 21. Rdg1 Qd7 22. Nh4 Re4 23. f3 Re6 24. Nf5 Rf6 25. Nxg7 Rhf8
26. f4 Rxf4 27. Rxh6 Qf7 28. Qh3+ Kb8 29. Rh8 Rxh8 30. Qxh8+ Qf8 31. Qxf8+
Rxf8 32. Ne6 Re8 33. Rg7 Ne7 34. Rf7 Nc6 35. Nxc7 Re1+ 36. Kc2 Re2+ 37. Kb3
Na5+ 38. Kb4 Nc6+ 39. Ka3 Na5 40. Nxd5 Nc4+ 41. Kb4 Nd6 42. Rd7 Rxb2+ 43.
Kc5 Nc8 44. Ne7 Nxe7 45. Rxe7 Rxa2 46. d5 Ra6 47. d6 Rc6+ 48. Kd5 Rc8 49. d7
Rd8 50. Kd6 b5 51. Re8 Kb7 52. Rxd8 b4 53. cxb4 a5 54. Rb8+ Ka7 55. d8=Q
axb4 56. Qb6# {Black checkmated} 1-0

[Event "ICC tourney 2905 (40 10)"]
[Site "Internet Chess Club"]
[Date "2022.05.07"]
[Round "2"]
[White "MOSS, MARVIN:mmoss2932"]
[Black "HANKE, HARVEY:ThinkingPanda"]
[Result "1-0"]
[ICCResult "Black checkmated"]
[WhiteElo "1458"]
[BlackElo "1618"]
[Opening "King's Indian: fianchetto, classical variation, 8.e4"]
[ECO "E68"]
[NIC "KI.64"]
[Time "13:15:31"]
[PlyCount "101"]
[TimeControl "2400+10"]

1. d4 Nf6 2. Nf3 g6 3. c4 Bg7 4. g3 O-O 5. Bg2 d6 6. O-O Nbd7 7. Nc3 e5 8.
e4 exd4 9. Nxd4 Re8 10. Re1 Nc5 11. h3 a5 12. f3 Nh5 13. Kh2 f5 14. Be3 fxe4
15. fxe4 Be5 16. Nde2 Be6 17. b3 Nxg3 18. Bf4 Nxe2 19. Bxe5 dxe5 20. Rxe2
Qxd1 21. Rxd1 c6 22. Rd6 Rad8 23. Red2 Rxd6 24. Rxd6 Kf7 25. Nb1 Ke7 26. Rd1
Rf8 27. Kg3 Rf4 28. Nc3 h5 29. Rd2 h4+ 30. Kh2 Rf8 31. Kg1 a4 32. b4 Nd7 33.
c5 Ra8 34. a3 Rb8 35. Kh2 Bb3 36. Bf3 Nf6 37. Rd6 Rd8 38. Rxd8 Kxd8 39. Kg2
Bc2 40. Kf2 Kc7 41. Ke3 b6 42. cxb6+ Kxb6 43. Kd2 Bb3 44. Be2 Nh7 45. Bg4
Kc7 46. Ke3 Nf6 47. Be2 Kd6 48. Bd1 c5 49. bxc5+ Kxc5 50. Nxa4+ Kc4 51. Be2#
{Black checkmated}
1-0

[Event "ICC tourney 2905 (40 10)"]
[Site "Internet Chess Club"]
[Date "2022.05.07"]
[Round "2"]
[White "WANG, JACOB S:JACOBCHESS857"]
[Black "TANG, VINCENT:VincentT2008"]
[Result "0-1"]
[ICCResult "White resigns"]
[WhiteElo "1479"]
[BlackElo "1690"]
[Opening "Ruy Lopez: closed defense"]
[ECO "C84"]
[NIC "RL.13"]
[Time "13:15:27"]
[PlyCount "122"]
[TimeControl "2400+10"]

1. e4 e5 2. Nf3 Nc6 3. Bb5 a6 4. Ba4 Nf6 5. O-O Be7 6. c3 Nxe4 7. Re1 Nf6 8.
Bxc6 dxc6 9. Nxe5 O-O 10. d4 c5 11. Bg5 h6 12. Bh4 Be6 13. Ng6 fxg6 14. Rxe6
Qd7 15. Qe2 Rae8 16. Na3 cxd4 17. cxd4 Bxa3 18. Rxe8 Rxe8 19. Qc4+ Kh7 20.
bxa3 Ne4 21. Rc1 c6 22. f3 Nd6 23. Qd3 Nf5 24. Bf2 Rd8 25. Rd1 Qd5 26. Qb3
Qd7 27. g4 Ne7 28. Bg3 Nd5 29. Be5 Qe7 30. Re1 Rd7 31. Re4 Qg5 32. Qc2 Nf6
33. Re2 Nd5 34. Qd2 Qxd2 35. Rxd2 Ne3 36. Rd3 Nc4 37. Bf4 Rd5 38. Kf2 g5 39.
Bc7 c5 40. f4 gxf4 41. Bxf4 Rxd4 42. Rxd4 cxd4 43. Ke2 Nxa3 44. Kd3 Nb5 45.
a4 Nc3 46. a5 Kg6 47. h4 Kf6 48. g5+ hxg5 49. Bxg5+ Ke5 50. h5 Ne4 51. h6
gxh6 52. Bxh6 Kd5 53. Bf4 Nc5+ 54. Kc2 Kc4 55. Bd6 d3+ 56. Kd1 Nb3 57. Bc7
Kb5 58. Bd8 Nxa5 59. Kd2 Nc6 60. Bf6 Kc4 61. Bc3 b5 {White resigns} 0-1

[Event "ICC tourney 2905 (40 10)"]
[Site "Internet Chess Club"]
[Date "2022.05.07"]
[Round "2"]
[White "ANGELCHIK, JACOB:t105mm"]
[Black "Rowe, Christopher:destroyallpugs"]
[Result "1/2-1/2"]
[ICCResult "Game drawn by mutual agreement"]
[WhiteElo "1274"]
[BlackElo "1412"]
[Opening "Trompowsky attack (Ruth, Opocenský opening)"]
[ECO "A45"]
[NIC "QP.07"]
[Time "13:15:27"]
[PlyCount "114"]
[TimeControl "2400+10"]

1. d4 Nf6 2. Bg5 c5 3. Bxf6 gxf6 4. e3 Qb6 5. b3 Nc6 6. d5 Ne5 7. Be2 d6 8.
f4 Ng6 9. Nf3 Bh6 10. O-O e5 11. dxe6 fxe6 12. Nc3 d5 13. Na4 Qc6 14. Nc3 a6
15. Bd3 b5 16. e4 d4 17. Nd5 exd5 18. exd5 Qxd5 19. Re1+ Kf7 20. Be4 Qd6 21.
Bxa8 Bxf4 22. Qe2 Bg4 23. Be4 Bxh2+ 24. Kf1 Qf4 25. Bxg6+ Kxg6 26. Qe4+ Qxe4
27. Rxe4 Bf5 28. Nh4+ Kg5 29. Nxf5 Kxf5 30. Rh4 Be5 31. Ke2 d3+ 32. Kxd3
Bxa1 33. Rh5+ Kf4 34. Rxc5 Rd8+ 35. Ke2 f5 36. Rc6 Kg3 37. Rxa6 Kxg2 38. Ra7
h5 39. Rh7 f4 40. Rxh5 f3+ 41. Ke3 Re8+ 42. Kd2 f2 43. Rg5+ Kf1 44. Rh5 Re4
45. Rh1+ Kg2 46. Rxa1 f1=Q 47. Rxf1 Kxf1 48. Kc3 b4+ 49. Kb2 Ke2 50. a3
bxa3+ 51. Kxa3 Kd2 52. c4 Kc3 53. c5 Re8 54. Ka4 Rc8 55. Kb5 Kxb3 56. c6 Kc3
57. Kb6 Kd4 {Game drawn by mutual agreement} 1/2-1/2

[Event "ICC tourney 2905 (40 10)"]
[Site "Internet Chess Club"]
[Date "2022.05.07"]
[Round "2"]
[White "RAMESH, RAHUL:rockinroll"]
[Black "Feng, Jay:TheDeadlyPawn"]
[Result "0-1"]
[ICCResult "White resigns"]
[WhiteElo "1713"]
[BlackElo "1530"]
[Opening "Queen's pawn: London system"]
[ECO "A45"]
[NIC "QP.07"]
[Time "13:15:28"]
[PlyCount "90"]
[TimeControl "2400+10"]

1. d4 Nf6 2. Bf4 d5 3. e3 e6 4. Nd2 Bd6 5. Bg3 c5 6. c3 Nc6 7. Ngf3 O-O 8.
Bd3 b6 9. Ne5 Qc7 10. f4 a5 11. Bh4 Be7 12. Qe2 c4 13. Bc2 Bb7 14. g4 Ne4
15. g5 Nxe5 16. fxe5 b5 17. Qg4 b4 18. Nxe4 dxe4 19. Bxe4 Bxe4 20. Qxe4 bxc3
21. bxc3 Rab8 22. O-O Rb2 23. Rab1 Rfb8 24. Rxb2 Rxb2 25. Rb1 Qb8 26. Rxb2
Qxb2 27. g6 Qc1+ 28. Kg2 Qa3 29. Bxe7 Qb2+ 30. Kh3 hxg6 31. Bg5 Qxc3 32. Qc6
Qd3 33. Qe8+ Kh7 34. Qxf7 c3 35. Qf4 c2 36. Qh4+ Kg8 37. Bf4 Qf1+ 38. Kg4
Qg2+ 39. Bg3 Qe4+ 40. Kh3 Qf5+ 41. Kg2 Qh5 42. Qd8+ Kh7 43. Qc7 Qe2+ 44. Bf2
Qd1 45. Qe7 c1=Q {White resigns} 0-1

[Event "ICC tourney 2905 (40 10)"]
[Site "Internet Chess Club"]
[Date "2022.05.07"]
[Round "2"]
[White "SKARIAH, ANUSHKA ELIZABETH:kskariah"]
[Black "Doan Giang, Nguyen Doan:Doctorstrange04"]
[Result "1/2-1/2"]
[ICCResult "Game drawn because neither player has mating material"]
[WhiteElo "1528"]
[BlackElo "1710"]
[Opening "Sicilian defense"]
[ECO "B34"]
[NIC "SI.33"]
[Time "13:15:25"]
[PlyCount "192"]
[TimeControl "2400+10"]

1. e4 c5 2. Nf3 Nc6 3. d4 cxd4 4. Nxd4 g6 5. b3 Bg7 6. Bb2 Qb6 7. c3 Nf6 8.
f3 O-O 9. Na3 d5 10. exd5 Nxd4 11. cxd4 Nxd5 12. Nc4 Qf6 13. Bd3 Nf4 14. Qd2
Rd8 15. O-O b5 16. Be4 Rb8 17. Qa5 Bh3 18. Ne3 Qg5 19. Rf2 Bxg2 20. Rxg2
Nh3+ 21. Kh1 Qxe3 22. Re1 Qh6 23. Qc7 Qh4 24. Qg3 Qxg3 25. hxg3 Ng5 26. Bc6
Rd6 27. d5 e6 28. f4 Nf3 29. Re3 Bxb2 30. Rxf3 Bf6 31. Rd3 Kg7 32. b4 a6 33.
Rgd2 Rbd8 34. Kg2 g5 35. Kf3 h5 36. fxg5 Bxg5 37. Rd1 f5 38. a4 e5 39. Rc3
e4+ 40. Ke2 Bf6 41. Rc2 Be5 42. axb5 axb5 43. Rh1 Kg6 44. Ke3 Kg5 45. Rch2
Rh8 46. Rh3 Bc3 47. Bxb5 Rxd5 48. Be2 Bxb4 49. Rxh5+ Rxh5 50. Rxh5+ Kg6 51.
g4 Bc5+ 52. Kf4 Bd6+ 53. Ke3 Bc5+ 54. Kf4 Bd6+ 55. Ke3 f4+ 56. Kxe4 Rd2 57.
Bd3 Rd1 58. Rd5 Bb8 59. g5 Rg1 60. Rd8 Re1+ 61. Kd4+ Kxg5 62. Rxb8 f3 63.
Rf8 Kg4 64. Be4 Rf1 65. Ke3 Re1+ 66. Kd4 Rf1 67. Rg8+ Kf4 68. Rf8+ Kg3 69.
Rg8+ Kf2 70. Bd3 Rg1 71. Rf8 Rg4+ 72. Kc3 Kg3 73. Kd2 f2 74. Ke3 Rg7 75.
Rf3+ Kg2 76. Rxf2+ Kg3 77. Rf3+ Kg4 78. Bf5+ Kg5 79. Kd4 Rf7 80. Ke5 Re7+
81. Kd6 Re1 82. Be6 Ra1 83. Rf5+ Kg6 84. Bd7 Ra6+ 85. Ke7 Ra7 86. Rf6+ Kg5
87. Rf1 Ra3 88. Kf7 Ra7 89. Ke6 Ra6+ 90. Ke5 Ra5+ 91. Ke4 Ra7 92. Rf5+ Kg6
93. Be8+ Kg7 94. Kf4 Re7 95. Bc6 Rf7 96. Rxf7+ Kxf7
{Game drawn because neither player has mating material}
1/2-1/2

[Event "ICC tourney 2905 (40 10)"]
[Site "Internet Chess Club"]
[Date "2022.05.07"]
[Round "3"]
[White "WENG, JOHNSON:K01-30136161"]
[Black "SCHROMBECK, JON A:Gm374"]
[Result "1-0"]
[ICCResult "Black resigns"]
[WhiteElo "1117"]
[BlackElo "1530"]
[Opening "Sicilian: closed"]
[ECO "B23"]
[NIC "SI.44"]
[Time "15:30:25"]
[PlyCount "55"]
[TimeControl "2400+10"]

1. e4 c5 2. Nc3 e6 3. d3 a6 4. f4 Nc6 5. Nf3 Nf6 6. g3 d6 7. Bg2 Be7 8. O-O
O-O 9. h3 e5 10. f5 Nd4 11. g4 b5 12. g5 Nh5 13. Nd5 Ng3 14. Re1 f6 15. Nxd4
cxd4 16. Qf3 fxg5 17. Qxg3 Bf6 18. Nxf6+ gxf6 19. h4 h6 20. hxg5 hxg5 21.
Kf2 Bb7 22. Bd2 d5 23. Rh1 dxe4 24. dxe4 Rf7 25. Rh2 Qd7 26. Rah1 Kf8 27.
Rh8+ Ke7 28. Bb4+ {Black resigns} 1-0

[Event "ICC tourney 2905 (40 10)"]
[Site "Internet Chess Club"]
[Date "2022.05.07"]
[Round "3"]
[White "CHANG, LEO:cwL"]
[Black "GEVORGYAN, DAVIT:Davo29"]
[Result "0-1"]
[ICCResult "White resigns"]
[WhiteElo "1740"]
[BlackElo "1676"]
[Opening "Caro-Kann: two knights, 3...Bg4"]
[ECO "B10"]
[NIC "CK.01"]
[Time "15:30:14"]
[PlyCount "52"]
[TimeControl "2400+10"]

1. e4 c6 2. Nf3 d5 3. Nc3 Bg4 4. exd5 cxd5 5. d4 Nc6 6. Bb5 Rc8 7. h3 Bxf3
8. Qxf3 e6 9. Bf4 Nf6 10. O-O Bd6 11. Bg5 Be7 12. Rfe1 O-O 13. Rad1 Qb6 14.
Qd3 Nb4 15. Qe2 Nxc2 16. Qxc2 Qxb5 17. Bxf6 Bxf6 18. Qxh7+ Kxh7 19. Nxb5 Rc2
20. Rb1 a6 21. Nd6 Bxd4 22. Rf1 Rc7 23. Rfc1 Rd7 24. Nc8 Rdd8 25. Ne7 Bf6
26. Rc7 Rfe8 {White resigns} 0-1

[Event "ICC tourney 2905 (40 10)"]
[Site "Internet Chess Club"]
[Date "2022.05.07"]
[Round "3"]
[White "KHAIS, STEVEN:methodX17"]
[Black "ANGELCHIK, JACOB:t105mm"]
[Result "0-1"]
[ICCResult "White resigns"]
[WhiteElo "1418"]
[BlackElo "1274"]
[Opening "Sicilian: Canal-Sokolsky attack, 3...Bd7"]
[ECO "B52"]
[NIC "SI.01"]
[Time "15:30:11"]
[PlyCount "98"]
[TimeControl "2400+10"]

1. e4 c5 2. Nf3 d6 3. Bb5+ Bd7 4. Bxd7+ Qxd7 5. O-O Nf6 6. Nc3 Nc6 7. d4
cxd4 8. Nxd4 g6 9. Bg5 Bg7 10. Nxc6 Qxc6 11. Re1 O-O 12. Qd2 Rad8 13. Bh6 d5
14. Bxg7 Kxg7 15. e5 Ne4 16. Nxe4 dxe4 17. Qe2 Rc8 18. Qxe4 Qxe4 19. Rxe4
Rxc2 20. Rb4 b6 21. h3 Rd8 22. a4 Rdd2 23. Rf4 Rxb2 24. Re1 Re2 25. Rxe2
Rxe2 26. Rc4 Rxe5 27. Rc7 a5 28. Rb7 Re4 29. Rxb6 Rxa4 30. Rb7 Ra1+ 31. Kh2
e6 32. g4 a4 33. Ra7 a3 34. Kg3 Kf6 35. Kf3 Ke5 36. Ke3 Rh1 37. f3 Ra1 38.
Ra4 Kd5 39. Kd3 a2 40. Kc2 Rh1 41. Rxa2 Rh2+ 42. Kb3 Rxa2 43. Kxa2 Ke5 44.
Kb3 Kf4 45. Kc4 Kxf3 46. Kd4 Kg3 47. g5 Kxh3 48. Ke4 Kg4 49. Ke5 Kxg5
{White resigns}
0-1

[Event "ICC tourney 2905 (40 10)"]
[Site "Internet Chess Club"]
[Date "2022.05.07"]
[Round "3"]
[White "BRUDNO, STEPHEN:StevChess01"]
[Black "RAMKUMAR, NIKHIL:nikhilramkumar"]
[Result "1-0"]
[ICCResult "Black resigns"]
[WhiteElo "1468"]
[BlackElo "1185"]
[Opening "QGD Slav: 4.Nc3"]
[ECO "D15"]
[NIC "SL.03"]
[Time "15:30:41"]
[PlyCount "45"]
[TimeControl "2400+10"]

1. d4 Nf6 2. c4 c6 3. Nc3 d5 4. Nf3 Bf5 5. cxd5 cxd5 6. Qb3 Qb6 7. Nxd5 Qxb3
8. Nxf6+ gxf6 9. axb3 Bc2 10. b4 e6 11. Bd2 Nc6 12. b5 Ne7 13. e3 Nd5 14.
Be2 Rg8 15. O-O Be4 16. Ne1 Bd6 17. f3 Bg6 18. Nd3 h5 19. e4 Nc7 20. Nf2 h4
21. Rfc1 f5 22. b6 axb6 23. Rxa8+ {Black resigns} 1-0

[Event "ICC tourney 2905 (40 10)"]
[Site "Internet Chess Club"]
[Date "2022.05.07"]
[Round "3"]
[White "INDUKURI, SUHAS VARMA:Suhas12"]
[Black "NARAYANAN, KRISHNA:mkrish13"]
[Result "1-0"]
[ICCResult "Black checkmated"]
[WhiteElo "1490"]
[BlackElo "1319"]
[Opening "Giuoco Piano"]
[ECO "C54"]
[NIC "IG.02"]
[Time "15:34:00"]
[PlyCount "27"]
[TimeControl "2400+10"]

1. e4 e5 2. Nf3 Nc6 3. Bc4 Bc5 4. c3 Nf6 5. d4 exd4 6. e5 Ng8 7. cxd4 Bb4+
8. Nc3 d6 9. Bg5 f6 10. Nh4 fxg5 11. Qh5+ g6 12. Nxg6 hxg6 13. Qxg6+ Kd7 14.
Qe6# {Black checkmated} 1-0

[Event "ICC tourney 2905 (40 10)"]
[Site "Internet Chess Club"]
[Date "2022.05.07"]
[Round "3"]
[White "Doan Giang, Nguyen Doan:Doctorstrange04"]
[Black "MOSS, MARVIN:mmoss2932"]
[Result "1-0"]
[ICCResult "Black resigns"]
[WhiteElo "1710"]
[BlackElo "1458"]
[Opening "Sicilian: closed"]
[ECO "B23"]
[NIC "SI.44"]
[Time "15:30:15"]
[PlyCount "113"]
[TimeControl "2400+10"]

1. e4 c5 2. Nc3 e6 3. f4 d5 4. Nf3 dxe4 5. Nxe4 Nf6 6. Bb5+ Bd7 7. Qe2 Nxe4
8. Bxd7+ Qxd7 9. Qxe4 Qd5 10. Qxd5 exd5 11. d4 cxd4 12. Nxd4 Nc6 13. Be3 Bd6
14. Nf5 Bc7 15. Nxg7+ Kd7 16. g3 d4 17. O-O-O Bb6 18. Nf5 Rhe8 19. Bxd4 Nxd4
20. Nxd4 Kc7 21. Rd3 Rad8 22. Nb5+ Kb8 23. Rxd8+ Rxd8 24. c3 a6 25. Na3 Be3+
26. Kc2 Rd2+ 27. Kb3 b5 28. Nc2 Bb6 29. Re1 Rxh2 30. Re8+ Kb7 31. Re7+ Bc7
32. Rxf7 Rg2 33. Nd4 Kb6 34. Rxh7 Rxg3 35. f5 Be5 36. Rh6+ Kb7 37. Ne6 a5
38. Nc5+ Kc7 39. a4 b4 40. Re6 Bg7 41. f6 Bf8 42. Ne4 Rf3 43. Re8 Bd6 44.
Ra8 bxc3 45. bxc3 Rf4 46. Nxd6 Kxd6 47. Rxa5 Ke6 48. Ra6+ Kf7 49. Rb6 Rf1
50. a5 Rb1+ 51. Kc4 Ra1 52. Kb5 Ra3 53. c4 Rb3+ 54. Ka6 Rc3 55. Kb7 Rxc4 56.
a6 Ra4 57. a7 {Black resigns} 1-0

[Event "ICC tourney 2905 (40 10)"]
[Site "Internet Chess Club"]
[Date "2022.05.07"]
[Round "3"]
[White "SHI, WARREN:warren200"]
[Black "CAI, ALAN ZHUOCHENG:flying-ninja"]
[Result "0-1"]
[ICCResult "White resigns"]
[WhiteElo "886"]
[BlackElo "1416"]
[Opening "Sicilian defense"]
[ECO "B20"]
[NIC "SI.48"]
[Time "15:30:44"]
[PlyCount "74"]
[TimeControl "2400+10"]

1. e4 c5 2. Bc4 e6 3. Nf3 Nc6 4. d3 Be7 5. O-O Nf6 6. h3 d5 7. exd5 exd5 8.
Bb5 O-O 9. Nc3 Be6 10. Bxc6 bxc6 11. Re1 h6 12. Na4 Qc7 13. Nc3 Rad8 14. Ne2
Bd6 15. Ng3 Bxg3 16. fxg3 Qxg3 17. Re3 Qc7 18. d4 cxd4 19. Nxd4 Rfe8 20. Qe1
Bd7 21. c3 Rxe3 22. Qxe3 Re8 23. Qf3 c5 24. Ne2 Bb5 25. Ng3 Re1+ 26. Kf2 Qe7
27. a4 Bc4 28. b3 Ba6 29. Bb2 Ne4+ 30. Kxe1 Ng5+ 31. Qe2 Bxe2 32. Nxe2 Ne4
33. Rd1 Qh4+ 34. g3 Nxg3 35. Nxg3 Qxg3+ 36. Ke2 Qg2+ 37. Kd3 Qxb2
{White resigns}
0-1

[Event "ICC tourney 2905 (40 10)"]
[Site "Internet Chess Club"]
[Date "2022.05.07"]
[Round "3"]
[White "HANKE, HARVEY:ThinkingPanda"]
[Black "MCNAUGHTON, PARKER SCOTT:Parkermc"]
[Result "1-0"]
[ICCResult "Black checkmated"]
[WhiteElo "1618"]
[BlackElo "1395"]
[Opening "Sicilian: Grand Prix attack"]
[ECO "B23"]
[NIC "SI.44"]
[Time "15:30:14"]
[PlyCount "59"]
[TimeControl "2400+10"]

1. e4 c5 2. Nc3 Nc6 3. f4 e6 4. Nf3 a6 5. d4 cxd4 6. Nxd4 Bc5 7. Nxc6 bxc6
8. g3 Ne7 9. Bg2 Rb8 10. Rb1 Ba7 11. Qe2 Qb6 12. Nd1 Qa5+ 13. Nc3 Bd4 14.
Bd2 O-O 15. Nd5 Qd8 16. Nxe7+ Qxe7 17. c3 Bb6 18. Be3 d5 19. Bxb6 Rxb6 20.
O-O a5 21. Qe3 Qb7 22. Qd2 Qa7 23. Kh1 Ba6 24. Rfe1 Rfb8 25. f5 exf5 26.
exf5 a4 27. f6 Bc4 28. Qg5 g6 29. Qh6 Rxb2 30. Qg7# {Black checkmated} 1-0

[Event "ICC tourney 2905 (40 10)"]
[Site "Internet Chess Club"]
[Date "2022.05.07"]
[Round "3"]
[White "RAMESH, RAHUL:rockinroll"]
[Black "SKARIAH, ANUSHKA ELIZABETH:kskariah"]
[Result "1-0"]
[ICCResult "Black checkmated"]
[WhiteElo "1713"]
[BlackElo "1528"]
[Opening "Queen's pawn, Mason variation"]
[ECO "D00"]
[NIC "QP.08"]
[Time "15:30:33"]
[PlyCount "97"]
[TimeControl "2400+10"]

1. d4 d5 2. Bf4 c6 3. e3 Nf6 4. Nd2 Bf5 5. Ngf3 Nbd7 6. Bd3 Bxd3 7. cxd3 e6
8. a3 a5 9. Qb3 b6 10. Rc1 Rc8 11. Ne5 Nxe5 12. dxe5 Nd7 13. Nf3 Nc5 14. Qc2
Be7 15. O-O O-O 16. Nd4 Qd7 17. b4 axb4 18. axb4 Na6 19. Nxc6 Nxb4 20. Nxe7+
Qxe7 21. Qxc8 Nxd3 22. Qc7 Qh4 23. Bg3 Qe4 24. Rb1 h5 25. h4 Qg6 26. Rxb6
Qf5 27. Rb8 Rxb8 28. Qxb8+ Kh7 29. Qb1 g6 30. Rd1 Nc5 31. Qxf5 gxf5 32. Rc1
Ne4 33. Rc2 Nxg3 34. fxg3 Kg6 35. Kf2 Kg7 36. Kf3 f6 37. Kf4 Kg6 38. Rc6 Kf7
39. Rc7+ Kg6 40. Re7 fxe5+ 41. Kxe5 Kh6 42. Rxe6+ Kg7 43. Kxf5 Kh7 44. Rf6
Kg7 45. Kg5 Kh7 46. Rf7+ Kh8 47. Kg6 Kg8 48. Rf6 Kh8 49. Rf8# {Black
checkmated} 1-0

[Event "ICC tourney 2905 (40 10)"]
[Site "Internet Chess Club"]
[Date "2022.05.07"]
[Round "3"]
[White "Le, Benny:Benranger2011"]
[Black "SHANMUGAM, MEERA:K05-16606945"]
[Result "1-0"]
[ICCResult "Black checkmated"]
[WhiteElo "1225"]
[BlackElo "1353"]
[Opening "Catalan: closed, 5.Nf3"]
[ECO "E06"]
[NIC "CA.04"]
[Time "15:30:15"]
[PlyCount "63"]
[TimeControl "2400+10"]

1. d4 d5 2. Nf3 e6 3. c4 Be7 4. g3 Nf6 5. Bg2 Nbd7 6. Nbd2 b6 7. O-O Bb7 8.
b3 O-O 9. Bb2 c5 10. Rc1 Rc8 11. Ne1 Re8 12. Nd3 Qc7 13. Re1 h6 14. e4 dxe4
15. Nxe4 Nxe4 16. Bxe4 Bxe4 17. Rxe4 Nf6 18. Re1 cxd4 19. Bxd4 Red8 20. Be5
Qd7 21. Nf4 Qc6 22. Qe2 Nh7 23. Rcd1 Re8 24. Nh5 f6 25. Qg4 Ng5 26. Bc3 Nf3+
27. Kh1 Nxe1+ 28. Rd5 g5 29. Qe4 Kh8 30. Qg6 Bf8 31. Bxf6+ Bg7 32. Qxg7#
{Black checkmated}
1-0

[Event "ICC tourney 2905 (40 10)"]
[Site "Internet Chess Club"]
[Date "2022.05.07"]
[Round "3"]
[White "WU, WINSTON:K01-30022609"]
[Black "ARORA, ANIKA:Hermione117"]
[Result "1-0"]
[ICCResult "Black checkmated"]
[WhiteElo "1405"]
[BlackElo "1167"]
[Opening "Sicilian: Alapin's variation (2.c3)"]
[ECO "B22"]
[NIC "SI.46"]
[Time "15:30:18"]
[PlyCount "139"]
[TimeControl "2400+10"]

1. e4 c5 2. c3 Nc6 3. d4 cxd4 4. cxd4 d5 5. exd5 Qxd5 6. Nf3 Qd8 7. Nc3 Nf6
8. Bf4 Bg4 9. Bb5 Qb6 10. d5 Rd8 11. h3 Bf5 12. O-O e6 13. dxc6 bxc6 14. Qa4
Rc8 15. Ba6 Rd8 16. Be3 Bc5 17. Bxc5 Qxc5 18. Bb7 Rd6 19. Rad1 Bd3 20. Rfe1
Bb5 21. Nxb5 cxb5 22. Qb3 Rxd1 23. Qxd1 O-O 24. Be4 Nxe4 25. Rxe4 Qd5 26.
Qxd5 exd5 27. Rb4 a6 28. a4 bxa4 29. Rxa4 Rb8 30. Rxa6 f6 31. Rd6 Rxb2 32.
Rxd5 Kf7 33. Rd2 Rxd2 34. Nxd2 Ke6 35. f3 g6 36. Kf2 h5 37. g4 hxg4 38. hxg4
Ke5 39. Ke3 f5 40. f4+ Kd5 41. g5 Kc5 42. Nf3 Kd5 43. Ne5 Ke6 44. Nxg6 Kd5
45. Nh4 Ke6 46. Kd4 Kf7 47. Nxf5 Kg6 48. Ke5 Kf7 49. Nh6+ Kg6 50. Ng4 Kf7
51. f5 Ke7 52. f6+ Kf7 53. Kf5 Kf8 54. g6 Kg8 55. Nh6+ Kh8 56. g7+ Kh7 57.
Ke6 Kxh6 58. g8=Q Kh5 59. Qg7 Kh4 60. Qg6 Kh3 61. Qg5 Kh2 62. Qg4 Kh1 63.
Kf5 Kh2 64. Ke4 Kh1 65. Kf4 Kh2 66. Ke3 Kh1 67. Kf3 Kh2 68. Ke2 Kh1 69. Kf1
Kh2 70. Qh4# {Black checkmated} 1-0

[Event "ICC tourney 2905 (40 10)"]
[Site "Internet Chess Club"]
[Date "2022.05.07"]
[Round "3"]
[White "Oregel, Rowen:RowenOregel"]
[Black "WANG, JACOB S:JACOBCHESS857"]
[Result "1-0"]
[ICCResult "Black resigns"]
[WhiteElo "1112"]
[BlackElo "1479"]
[Opening "Scotch gambit"]
[ECO "C44"]
[NIC "SO.06"]
[Time "15:30:16"]
[PlyCount "51"]
[TimeControl "2400+10"]

1. e4 e5 2. Nf3 Nc6 3. d4 exd4 4. Bc4 d6 5. c3 dxc3 6. Qb3 Qd7 7. Nxc3 Na5
8. Qb5 Nxc4 9. Qxc4 Nf6 10. O-O Be7 11. Rd1 O-O 12. e5 Ne8 13. Bf4 b6 14.
Rac1 Bb7 15. Bg3 Rd8 16. Nd5 Bxd5 17. Qxd5 c5 18. exd6 Nxd6 19. Ne5 Qa4 20.
Nc6 Nb7 21. Nxe7+ Kh8 22. Qf3 Rxd1+ 23. Rxd1 Re8 24. b3 Qa6 25. Qxf7 Qb5 26.
a4 {Black resigns} 1-0

[Event "ICC tourney 2905 (40 10)"]
[Site "Internet Chess Club"]
[Date "2022.05.07"]
[Round "3"]
[White "QIAO, RICHARDSON JINGSI:Richardsonqiao"]
[Black "Rowe, Christopher:destroyallpugs"]
[Result "1/2-1/2"]
[ICCResult "Game drawn because neither player has mating material"]
[WhiteElo "1215"]
[BlackElo "1412"]
[Opening "Queen's pawn: London system"]
[ECO "A45"]
[NIC "QP.07"]
[Time "15:30:14"]
[PlyCount "118"]
[TimeControl "2400+10"]

1. d4 Nf6 2. Bf4 d5 3. e3 c5 4. c3 Nc6 5. Nd2 Bf5 6. Ngf3 e6 7. Bb5 a6 8.
Bxc6+ bxc6 9. Ne5 Qb6 10. Qb3 Qxb3 11. axb3 cxd4 12. exd4 c5 13. O-O Bd6 14.
Rfe1 O-O 15. Ra5 cxd4 16. cxd4 Rfc8 17. Rea1 Ne4 18. Nxe4 Bxe5 19. Bxe5 Bxe4
20. h3 Bd3 21. Rd1 Bb5 22. Rd2 Rc1+ 23. Kh2 Rac8 24. Kg3 R8c2 25. Bf4 Rxd2
26. Bxd2 Rc2 27. Bc3 f6 28. Ra1 e5 29. dxe5 fxe5 30. Bxe5 Kf7 31. Rd1 Bc6
32. Bd4 Re2 33. Kf3 Re4 34. g4 g6 35. Kg3 g5 36. Be3 h6 37. Rd4 Ke6 38.
Rxe4+ dxe4 39. h4 Kf6 40. Bd4+ Kg6 41. hxg5 hxg5 42. Kh2 Kf7 43. Kg1 Bd7 44.
Be3 Kg6 45. Kg2 Bxg4 46. Kg3 Kf5 47. b4 Be2 48. Bd2 Ke6 49. Bxg5 Kd5 50. Be7
Kc4 51. Kf4 Bd3 52. Ke3 Kb3 53. f3 exf3 54. Kxd3 Kxb2 55. Ke3 Kc3 56. Kxf3
Kc4 57. Ke4 Kb5 58. Kd5 a5 59. bxa5 Kxa5
{Game drawn because neither player has mating material}
1/2-1/2

[Event "ICC tourney 2905 (40 10)"]
[Site "Internet Chess Club"]
[Date "2022.05.07"]
[Round "3"]
[White "Feng, Jay:TheDeadlyPawn"]
[Black "AKULA, MAHIT:Judtyr123"]
[Result "0-1"]
[ICCResult "White resigns"]
[WhiteElo "1530"]
[BlackElo "1697"]
[Opening "Giuoco Pianissimo"]
[ECO "C55"]
[NIC "IG.01"]
[Time "15:30:14"]
[PlyCount "94"]
[TimeControl "2400+10"]

1. e4 e5 2. Nf3 Nc6 3. Bc4 Nf6 4. d3 Bc5 5. c3 d6 6. O-O O-O 7. Bb3 d5 8.
exd5 Nxd5 9. Re1 Bg4 10. h3 Bh5 11. Nbd2 Nf4 12. Ne4 Nxd3 13. Nxc5 Nxc5 14.
Qxd8 Raxd8 15. g4 Bg6 16. Be3 Nd3 17. Re2 e4 18. Nd4 Nxd4 19. cxd4 c6 20.
Rd1 a5 21. a4 b5 22. Kg2 h5 23. f3 exf3+ 24. Kxf3 hxg4+ 25. hxg4 Rfe8 26.
Red2 Be4+ 27. Kg3 Nb4 28. Bf4 Nd5 29. Rf1 bxa4 30. Bxa4 Nxf4 31. Rxf4 Bd5
32. Kf2 Re7 33. Rc2 Re6 34. Rc5 g6 35. Rxa5 Rb8 36. b3 Kg7 37. g5 Rd6 38.
Ra7 Rh8 39. Kg3 Rh5 40. Rg4 Be6 41. b4 Bxg4 42. Kxg4 Rxd4+ 43. Kf3 Rxb4 44.
Bxc6 Rh3+ 45. Kg2 Rc3 46. Bf3 Rb2+ 47. Kg3 Rbb3 {White resigns} 0-1

[Event "ICC tourney 2905 (40 10)"]
[Site "Internet Chess Club"]
[Date "2022.05.07"]
[Round "4"]
[White "SHANMUGAM, MEERA:K05-16606945"]
[Black "SHI, WARREN:warren200"]
[Result "1-0"]
[ICCResult "Black checkmated"]
[WhiteElo "1353"]
[BlackElo "886"]
[Opening "Ruy Lopez: Möller defense"]
[ECO "C78"]
[NIC "RL.07"]
[Time "17:45:56"]
[PlyCount "45"]
[TimeControl "2400+10"]

1. e4 e5 2. Nf3 Nc6 3. Bb5 Nf6 4. O-O a6 5. Ba4 Bc5 6. c3 O-O 7. d4 exd4 8.
cxd4 Bb6 9. Nc3 Re8 10. Bg5 d6 11. Nd5 h6 12. Nxf6+ gxf6 13. Bxh6 Rxe4 14.
Bc2 Re6 15. Qd3 f5 16. Bg5 Qe8 17. d5 Rg6 18. dxc6 bxc6 19. Bf4 f6 20. Nh4
Rg4 21. Nxf5 Rxf4 22. Qg3+ Kf8 23. Qg7# {Black checkmated} 1-0